 Dungeon Crawl Stone Soup version 0.31.0-9-g3a7656b989 (webtiles) character file.

Game seed: 890241664210152713

128 qw the Skirmisher (level 4, -8/25 HPs)
             Began as a Deep Elf Hunter on Feb 2, 2024.
             Blown up by Ijyb (16 damage)
             ... with a mindburst bolt
             ... on level 3 of the Dungeon.
             The game lasted 00:00:07 (1944 turns).

qw the Skirmisher (Deep Elf Hunter)                 Turns: 1944, Time: 00:00:07

Health: -8/25      AC:  5    Str: 10    XL:     4   Next: 86%
Magic:  6/6        EV: 11    Int: 14    God:
Gold:   118        SH:  0    Dex: 18    Spells: 3/3 levels left

rFire   . . .        a - +0 shortbow
rCold   . . .        (shield currently unavailable)
rNeg    . . .        d - +0 ring mail
rPois   .            (no helmet)
rElec   .            (no cloak)
rCorr   .            (no gloves)
SInv    .            (no boots)
Will    .....        (no amulet)
Stlth   +            (no ring)
HPRegen 0.24/turn    (no ring)
MPRegen 0.10/turn

%: no passive effects
@: no status effects
A: no striking features
a: no special abilities


You were on level 3 of the Dungeon.
You visited 1 branch of the dungeon, and saw 3 of its levels.

You collected 118 gold pieces.


   Skills:
 - Level 1.5 Fighting
 + Level 8.3 Ranged Weapons
 - Level 2.4 Dodging
 - Level 1.2 Stealth


You had 3 spell levels left.
You didn't know any spells.
Your spell library was empty.

Inventory:

Hand Weapons
 a - a +0 shortbow (weapon)
Armour
 d - a +0 ring mail (worn)
Scrolls
 b - a scroll of teleportation {unknown}
 c - a scroll of enchant armour {unknown}
 e - a scroll of identify
 f - a scroll of poison {unknown}
Potions
 h - 2 potions of mutation
 i - a potion of cancellation
 j - 2 potions of curing

Dungeon Overview and Level Annotations

Branches:
Dungeon (3/15)

Altars:

Annotations:
D:2 1 runed translucent door, Crazy Yiuf
D:3 Ijyb


Message History

You see here a scroll of vulnerability.
Ijyb the Twisted Goblin comes into view.
She is wielding a +0 club and carrying a wand of mindburst.
You shoot an arrow. The arrow hits Ijyb.
Ijyb shouts!
Ijyb is moderately wounded.
You shoot an arrow. The arrow closely misses Ijyb.
Ijyb zaps a wand.
Your mind is blasted!
1916 ||| FLEEEEING.
1917 ||| FLEEEEING.
1918 ||| FLEEEEING.
Ijyb zaps a wand.
You barely resist.
1919 ||| FLEEEEING.
1920 ||| FLEEEEING.
Ijyb zaps a wand.
Your mind is blasted!
1921 ||| FLEEEEING.
1922 ||| FLEEEEING.
1923 ||| FLEEEEING.
1924 ||| FLEEEEING.
1925 ||| FLEEEEING.
1926 ||| FLEEEEING.
1927 ||| FLEEEEING.
1928 ||| FLEEEEING.
1929 ||| FLEEEEING.
1930 ||| FLEEEEING.
1931 ||| FLEEEEING.
1932 ||| FLEEEEING.
1933 ||| FLEEEEING.
1934 ||| FLEEEEING.
1935 ||| FLEEEEING.
1936 ||| FLEEEEING.
1937 ||| FLEEEEING.
You start resting.
Ijyb is nearby!
You shoot an arrow. The arrow barely misses Ijyb.
You shoot an arrow. The arrow hits Ijyb.
Ijyb is heavily wounded.
You shoot an arrow. The arrow closely misses Ijyb.
Ijyb zaps a wand.
Your mind is blasted!
Ouch! That really hurt!
You die...

#..# ######### #.g#
##........ #..#
#...###### #..#
###...### # #..#
#.......#### #..#
#........... #..#
#.......####
#>.########<....#....
#..g@......)...###.##
#...............#.###
######.##.....##.####
#.##...####.....
#.##...# ######
#.##...# #
#.##...#########
#.##............
#.##..##########


You could see Ijyb.

Vanquished Creatures
  A bombardier beetle (D:3)
  2 adders
  A dart slug (D:2)
  7 orcs (D:3)
  4 ball pythons
  4 endoplasms
  3 giant cockroaches
  3 goblins
  7 hobgoblins
  5 jackals
  4 kobolds
  2 quokkas
  9 bats
  3 frilled lizards
  5 rats
60 creatures vanquished.

Notes
Turn   | Place    | Note
-------+----------+-------------------------------------------
     0 | D:1      | qw the Deep Elf Hunter began the quest for the Orb.
     0 | D:1      | Reached XP level 1. HP: 12/12 MP: 3/3
     0 | D:1      | 0 ||| qw: Version: 0.3-a-155-g5e7d8dd
     0 | D:1      | 0 ||| qw: Game counter: 79
     0 | D:1      | 0 ||| qw: Melee chars always use a shield: true
     0 | D:1      | 0 ||| qw: God list: Okawaru
     0 | D:1      | 0 ||| qw: Allow faded altars: false
     0 | D:1      | 0 ||| qw: Do Orc after clearing Dungeon:15 true
     0 | D:1      | 0 ||| qw: Do second Lair branch before Depths: true
     0 | D:1      | 0 ||| qw: Lair rune preference: random
     0 | D:1      | 0 ||| qw: Goals: Normal
     0 | D:1      | 0 ||| PLANNING D:1-11
   146 | D:1      | Reached XP level 2. HP: 16/16 MP: 4/4
   157 | D:1      | Reached skill level 6 in Ranged Weapons
   617 | D:1      | 617 ||| DROPPING amulet of magic regeneration.
   618 | D:1      | 618 ||| DROPPING ring of wizardry.
   619 | D:1      | 619 ||| READING 5 scrolls labelled INIQIY HUFA.
   619 | D:1      | 619 ||| IDENTIFYING clear potion
   620 | D:1      | 620 ||| READING 4 scrolls of identify.
   620 | D:1      | 620 ||| IDENTIFYING pink potion
   621 | D:1      | 621 ||| READING 3 scrolls of identify.
   621 | D:1      | 621 ||| IDENTIFYING white potion
   622 | D:1      | 622 ||| READING 2 scrolls of identify.
   622 | D:1      | 622 ||| IDENTIFYING glowing grey potion
   623 | D:1      | 623 ||| DROPPING scroll of butterflies.
   624 | D:1      | 624 ||| DROPPING potion of lignification.
   625 | D:1      | 625 ||| DROPPING potion of brilliance.
   664 | D:2      | Reached XP level 3. HP: 20/20 MP: 5/5
   724 | D:2      | Reached skill level 7 in Ranged Weapons
   901 | D:2      | Found a runed translucent door.
   902 | D:2      | Noticed Crazy Yiuf
  1111 | D:2      | 1111 ||| UPGRADING to +0 ring mail.
  1121 | D:2      | 1121 ||| DROPPING +0 leather armour.
  1122 | D:2      | 1122 ||| READING 2 scrolls of identify.
  1122 | D:2      | 1122 ||| IDENTIFYING glowing ruby potion
  1123 | D:2      | 1123 ||| READING scroll of identify.
  1123 | D:2      | 1123 ||| IDENTIFYING lumpy inky potion
  1124 | D:2      | 1124 ||| READING scroll labelled ZER EGAABOCEXKEODE.
  1125 | D:2      | 1125 ||| READING scroll labelled GADISS AREAJA.
  1226 | D:2      | 1226 ||| READING scroll labelled YZIZUR JEOFFIT.
  1227 | D:2      | 1227 ||| DROPPING potion of berserk rage.
  1307 | D:3      | Reached XP level 4. HP: 25/25 MP: 6/6
  1389 | D:3      | Reached skill level 8 in Ranged Weapons
  1913 | D:3      | Noticed Ijyb
  1916 | D:3      | 1916 ||| FLEEEEING.
  1917 | D:3      | 1917 ||| FLEEEEING.
  1918 | D:3      | 1918 ||| FLEEEEING.
  1919 | D:3      | 1919 ||| FLEEEEING.
  1920 | D:3      | 1920 ||| FLEEEEING.
  1920 | D:3      | HP: 2/25 [disintegration (12)]
  1921 | D:3      | 1921 ||| FLEEEEING.
  1922 | D:3      | 1922 ||| FLEEEEING.
  1923 | D:3      | 1923 ||| FLEEEEING.
  1924 | D:3      | 1924 ||| FLEEEEING.
  1925 | D:3      | 1925 ||| FLEEEEING.
  1926 | D:3      | 1926 ||| FLEEEEING.
  1927 | D:3      | 1927 ||| FLEEEEING.
  1928 | D:3      | 1928 ||| FLEEEEING.
  1929 | D:3      | 1929 ||| FLEEEEING.
  1930 | D:3      | 1930 ||| FLEEEEING.
  1931 | D:3      | 1931 ||| FLEEEEING.
  1932 | D:3      | 1932 ||| FLEEEEING.
  1933 | D:3      | 1933 ||| FLEEEEING.
  1934 | D:3      | 1934 ||| FLEEEEING.
  1935 | D:3      | 1935 ||| FLEEEEING.
  1936 | D:3      | 1936 ||| FLEEEEING.
  1937 | D:3      | 1937 ||| FLEEEEING.
  1944 | D:3      | Blown up by Ijyb

Levels and vault maps discovered:
D:1:      doesnt_arrival_eight_statues, layout_basic,
          nicolae_concentric_dashed_squares_wild
D:2:      layout_rooms, uniq_crazy_yiuf_cottage
D:3:      layout_loops_ring, uniq_ijyb

Skill      XL: |  1  2  3  4 |
---------------+-------------+-----
Ranged Weapons | 6 7 8 |  8.3
Fighting       | |  1.5
Dodging        | |  2.4
Stealth        | |  1.2

Action                     |  1- 3 |  4- 6 || total
---------------------------+-------+-------++-------
   Fire: Shortbow          |   112 |    48 ||   160
    Use: Scroll            |     9 |       ||     9
 Armour: Leather armour    |    16 |       ||    16
         Ring mail         |       |    14 ||    14
  Dodge: Dodged            |     9 |    22 ||    31

Table legend:
 A = Non-vault XP
 B = Vault XP
 C = Vault XP percentage of total XP
 D = Non-vault monster count
 E = Vault monster count
 F = Vault count percentage of total count
                 A         B        C        D         E       F
            +---------+---------+-------+---------+---------+-------
      Total |     183 |       0 |   0.0 |      60 |       0 |   0.0
            +---------+---------+-------+---------+---------+-------
        D:1 |      29 |       0 |   0.0 |      19 |       0 |   0.0
        D:2 |      40 |       0 |   0.0 |      16 |       0 |   0.0
        D:3 |     114 |       0 |   0.0 |      25 |       0 |   0.0
            +---------+---------+-------+---------+---------+-------
